 Dungeon Crawl Stone Soup version 0.29-a0-559-g359e09b9d1 (webtiles) character file.

Game seed: 1854590623881080334

60 DocClef the Covert (level 4, -1/41 HPs)
             Began as a Gnoll Delver on June 9, 2022.
             Slain by an adder (2 damage)
             ... on level 6 of the Dungeon.
             The game lasted 00:00:21 (46 turns).

DocClef the Covert (Gnoll Delver)                     Turns: 46, Time: 00:00:21

Health: -1/41      AC:  3    Str: 11    XL:     4   Next: 4%
Magic:  3/5        EV: 13    Int: 10    God:
Gold:   10         SH:  0    Dex: 15    Spells: 5/5 levels left

rFire   . . .      SeeInvis .   a - +0 short sword
rCold   . . .      Faith    .   (no shield)
rNeg    . . .      Spirit   .   b - +0 leather armour
rPois   .          Reflect  .   (no helmet)
rElec   .          Harm     .   (no cloak)
rCorr   .          Rampage  .   (no gloves)
Will    .....                   (no boots)
Stlth   ++++......              (no amulet)
HPRegen 0.13/turn               (no ring)
MPRegen 0.09/turn               (no ring)

@: no status effects
A: fangs 1, strong nose, distributed training
a: no special abilities


You were on level 6 of the Dungeon.
You visited 1 branch of the dungeon, and saw 2 of its levels.

You collected 10 gold pieces.

Inventory:

Hand Weapons
 a - a +0 short sword (weapon)
Armour
 b - a +0 leather armour (worn)
Wands
 g - a wand of digging (3)
Scrolls
 c - a scroll of fog
 d - a scroll of magic mapping
 e - a scroll of fear
Potions
 f - a potion of haste


   Skills:
 + Level 6.5 Fighting
 + Level 4.6 Short Blades
 + Level 1.0 Long Blades
 + Level 1.0 Axes
 + Level 1.0 Maces & Flails
 + Level 1.0 Polearms
 + Level 1.0 Staves
 + Level 1.0 Slings
 + Level 1.0 Bows
 + Level 1.0 Crossbows
 + Level 1.0 Throwing
 + Level 1.0 Armour
 + Level 4.6 Dodging
 + Level 9.6 Stealth
 + Level 1.0 Shields
 + Level 1.0 Unarmed Combat
 + Level 1.0 Spellcasting
 + Level 0.7 Conjurations
 + Level 0.7 Hexes
 + Level 0.7 Summonings
 + Level 0.7 Necromancy
 + Level 0.7 Translocations
 + Level 0.7 Transmutations
 + Level 0.7 Fire Magic
 + Level 0.7 Ice Magic
 + Level 0.7 Air Magic
 + Level 0.7 Earth Magic
 + Level 0.7 Poison Magic
 + Level 1.1 Invocations
 + Level 1.0 Evocations


You had 5 spell levels left.
You didn't know any spells.
Your spell library was empty.

Dungeon Overview and Level Annotations

Branches:
Dungeon (6/15)
 Temple: D:4-7

Altars:
Xom
Zin


Innate Abilities, Weirdness & Mutations

You have very sharp teeth.
Your uncanny sense of smell can sniff out nearby items.
Your experience applies equally to all skills.


Message History

You climb downwards.
You hear the hiss of flowing sand.
There is an entrance to an ossuary on this level.
Hurry and find it before the portal is buried!
You feel sick.
Found 19 gold pieces.
Found a stone staircase leading up.
There is a stone staircase leading up here.
Unknown command.
The adder attacks as you move away! The adder bites you.
* * * LOW HITPOINT WARNING * * *
You feel sick.
You are no longer poisoned.
The hound barely misses you. x2
The adder attacks as you move away! The adder bites you.
* * * LOW HITPOINT WARNING * * *
The hound attacks as you move away! The hound bites you.
* * * LOW HITPOINT WARNING * * *
The adder misses you.
An orc comes into view. It is wielding a +0 flail.
The adder attacks as you move away! The adder misses you.
An orc comes into view. It is wielding a +0 club.
The hound closely misses you.
You closely miss the hound.
The hound is heavily wounded.
The hound closely misses you.
The orc shouts!
You hit the hound.
The hound is severely wounded.
You hear a shout!
You hear a howl!
The adder misses you. The hound bites you but does no damage.
The orc shouts!
You hear a shout!
You hit the hound.
The hound is severely wounded.
The hound closely misses you. The adder bites you.
* * * LOW HITPOINT WARNING * * *
The hound closely misses you. The adder barely misses you.
Unknown command.
You hit the hound.
The hound is almost dead.
The hound closely misses you. The adder bites you.
You die...

.o ∆#+#### ###..
##.....####..P..
............o..
#....$......#
#.......<...#
#......<....# ∆
#J.....##hS.#
#...... #@..#
####+## #.....#
#.....# #.....#
#.....# #.....+
##...## ...#


You could see a hound, an adder and an orc.

Vanquished Creatures
  2 jellies (D:5)
2 creatures vanquished.

Notes
Turn   | Place    | Note
-------+----------+-------------------------------------------
     0 | D:5      | Reached skill level 9 in Stealth
     0 | D:5      | DocClef the Gnoll Delver began the quest for the Orb.
     0 | D:5      | Reached XP level 1. HP: 23/23 MP: 1/1
     9 | D:5      | Noticed a jelly
    10 | D:5      | Found a shimmering altar of Xom.
    10 | D:5      | Noticed a jelly
    13 | D:5      | Noticed an angel
    16 | D:5      | Killed a jelly
    17 | D:5      | Reached XP level 2. HP: 29/29 MP: 1/3
    17 | D:5      | Reached XP level 3. HP: 35/35 MP: 1/4
    17 | D:5      | Found a glowing silver altar of Zin.
    19 | D:5      | Reached skill level 1 in Long Blades
    19 | D:5      | Reached skill level 1 in Axes
    19 | D:5      | Reached skill level 1 in Maces & Flails
    19 | D:5      | Reached skill level 1 in Polearms
    19 | D:5      | Reached skill level 1 in Staves
    19 | D:5      | Reached skill level 1 in Slings
    19 | D:5      | Reached skill level 1 in Bows
    19 | D:5      | Reached skill level 1 in Crossbows
    19 | D:5      | Reached skill level 1 in Throwing
    19 | D:5      | Reached skill level 1 in Armour
    19 | D:5      | Reached skill level 1 in Shields
    19 | D:5      | Reached skill level 1 in Unarmed Combat
    19 | D:5      | Reached skill level 1 in Spellcasting
    19 | D:5      | Reached skill level 1 in Invocations
    19 | D:5      | Reached skill level 1 in Evocations
    19 | D:5      | Reached XP level 4. HP: 41/41 MP: 1/5
    41 | D:6      | HP: 2/41 [hound (4)]
    46 | D:6      | Slain by an adder

Illustrated notes

Levels and vault maps discovered:
D:5:      layout_gridville, grunt_temple_overflow_order_and_chaos_1,
          kennysheep_slug_shrine, lemuel_doored_altar,
          minmay_temple_entry_antechambers
D:6:      corexii_shantytown, layout_gridville,
          mainiacjoe_overflow_six_doors_small,
          nicolae_ossuary_entry_false_entrances, serial_shops, shop,
          minmay_increasing_density

Skill      XL: |  1  2  3 |
---------------+----------+-----
Stealth        | |  9.6
Long Blades    | 1 |  1.0
Axes           | 1 |  1.0
Maces & Flails | 1 |  1.0
Polearms       | 1 |  1.0
Staves         | 1 |  1.0
Slings         | 1 |  1.0
Bows           | 1 |  1.0
Crossbows      | 1 |  1.0
Throwing       | 1 |  1.0
Armour         | 1 |  1.0
Shields        | 1 |  1.0
Unarmed Combat | 1 |  1.0
Spellcasting   | 1 |  1.0
Invocations    | 1 |  1.1
Evocations     | 1 |  1.0
Fighting       | |  6.5
Short Blades   | |  4.6
Dodging        | |  4.6
Conjurations   | |  0.7
Hexes          | |  0.7
Summonings     | |  0.7
Necromancy     | |  0.7
Translocations | |  0.7
Transmutations | |  0.7
Fire Magic     | |  0.7
Ice Magic      | |  0.7
Air Magic      | |  0.7
Earth Magic    | |  0.7
Poison Magic   | |  0.7

Action                   |  1- 3 |  4- 6 || total
-------------------------+-------+-------++-------
Melee: Short sword       |     2 |    12 ||    14
 Stab: Sleeping          |     2 |       ||     2
Armor: Leather armour    |       |     6 ||     6
Dodge: Dodged            |       |    21 ||    21

Table legend: (Time is in decaauts)
 A = Elapsed time spent in this place.
 B = Non-inter-level travel time spent in this place.
 C = Inter-level travel time spent in this place.
 D = Time resting spent in this place.
 E = Time spent auto-exploring this place.
 F = Levels seen in this place.
 G = Mean time per level.
                   A        B        C        D        E       F      G
               +--------+--------+--------+--------+--------+-----+--------+
         Total |     44 |     44 |      0 |      0 |      9 |   2 |   22.0 |
       Dungeon |     44 |     44 |      0 |      0 |      9 |   2 |   22.0 |
               +--------+--------+--------+--------+--------+-----+--------+

Top non-repeatable levels by time:
     D:5: 37 daAuts
     D:6: 6 daAuts
